 Dungeon Crawl Stone Soup version 0.19-a0-291-ga637243 (webtiles) character file.

28 namelastname112 the Sneak (level 3, -1/24 HPs)
             Began as a Halfling Assassin on May 27, 2016.
             Slain by a worm (11 damage)
             ... on level 2 of the Dungeon.
             The game lasted 00:01:49 (973 turns).

namelastname112 the Sneak (Halfling Assassin)        Turns: 973, Time: 00:01:50

Health: -1/24      AC:  5    Str: 11    XL:     3   Next: 30%
Magic:  3/3        EV: 14    Int: 10    God:
Gold:   71         SH:  0    Dex: 16    Spells: 0 memorised, 2 levels left

rFire  + . .     SeeInvis .     a - +2 dagger
rCold  . . .     Gourm    .     j - +0 leather armour
rNeg   . . .     Faith    .     (shield restricted)
rPois  .         Spirit   .     m - +0 helmet
rElec  .         Dismiss  .     d - +0 cloak
rCorr  .         Reflect  .     (no gloves)
SustAt .         Harm     .     (no boots)
MR     .....                    (no amulet)
Stlth  +++.......               (no ring)
                                l - ring of protection from fire

@: not resistant to hostile enchantments, fairly stealthy
A: mutation resistance 1
a: no special abilities


You were on level 2 of the Dungeon.
You were not hungry.

You visited 1 branch of the dungeon, and saw 2 of its levels.

You collected 71 gold pieces.

Inventory:

Hand Weapons
 a - a +2 dagger (weapon)
 b - a +0 blowgun
Missiles
 e - 8 poisoned needles
 f - 2 curare-tipped needles
Armour
 d - a +0 cloak (worn)
 j - a +0 leather armour (worn)
 m - a +0 helmet (worn)
Jewellery
 l - a ring of protection from fire (left hand)
Potions
 c - a potion of heal wounds {unknown}
 h - a potion of flight {unknown}
 k - 2 potions of cancellation {unknown}
Comestibles
 g - a bread ration
 i - a meat ration


   Skills:
 + Level 2.1 Fighting
 + Level 2.9 Short Blades
 + Level 2.5 Throwing
 + Level 1.2 Armour
 + Level 1.4 Dodging
 + Level 4.6 Stealth


You had 2 spell levels left.
You didn't know any spells.

Dungeon Overview and Level Annotations

Branches:
Dungeon (2/15)

Altars:


Innate Abilities, Weirdness & Mutations

You are small and have problems with some larger weapons.
You are somewhat resistant to further mutation.


Message History

The goblin misses you.
You hit the goblin.
You kill the goblin!
You hit the kobold but do no damage. The kobold closely misses you.
The worm bites you.
You take 4 damage, and have 20/24 hp.
You hit the kobold.
You kill the kobold!
You barely miss the worm. The worm closely misses you.
You hit the worm.
The worm is lightly wounded.
You hit the worm.
The worm is moderately wounded.
The worm bites you!
You hit the worm.
The worm is moderately wounded.
You barely miss the worm.
The worm is moderately wounded.
The worm bites you!
You die...

.........# .)........
..#.. .... .†.......#.
#.#.♣♣♣.♣.. #...#.##
#.##!#.♣...... #...#.#
#......♣PP... #...#.#
........P #...#.#
#.#.♣P♣♣ #...#.#
#....w.##.#
......#######...@†?).#
....♣.♣#......#.†.....#
......##.####.#.......#
..♣.♣.♣#.####%#.......#
...........##.#.......#
..♣.♣.♣#.#.##.#.......#
......##.#.##.#.......#
....♣.♣#.. ...#♣♣.♣♣#..
....#.####.##♣♣


You could see a worm.

Vanquished Creatures
  A dart slug (D:1)
  A giant gecko (D:2)
  A giant cockroach (D:1)
  3 goblins
  8 hobgoblins (D:1)
  3 kobolds
  3 bats (D:1)
  2 giant newts (D:1)
  2 rats
24 creatures vanquished.

Notes
Turn   | Place    | Note
--------------------------------------------------------------
     0 | D:1      | namelastname112 the Halfling Assassin began the quest for the Orb.
     0 | D:1      | Reached XP level 1. HP: 14/14 MP: 1/1
   225 | D:1      | Reached XP level 2. HP: 19/19 MP: 2/2
   442 | D:1      | epen: нихуя себе
   442 | D:1      | epen: что за тайл
   558 | D:1      | Reached skill level 1 in Armour
   605 | D:1      | Reached XP level 3. HP: 24/24 MP: 3/3
   973 | D:2      | Slain by a worm

Vault maps used:
D:1:      lightli_arrival_boilingwater
D:2:      serial_forest, infiniplex_forest_fountain,
          infiniplex_forest_straight_2, infiniplex_forest_lined_4_way,
          infiniplex_forest_lined_room_, infiniplex_forest_straight_2,
          infiniplex_forest_lined_3_way, infiniplex_forest_end_3,
          infiniplex_forest_corner_2, infiniplex_forest_corner_1,
          infiniplex_forest_side_room, first_bread

Skill      XL: |  1  2 |
---------------+-------+-----
Fighting       | 2 |  2.1
Armour         | 1 |  1.2
Short Blades   | |  2.9
Throwing       | |  2.5
Dodging        | |  1.4
Stealth        | |  4.6

Action                   || total
-------------------------++-------
Melee: Dagger            ||    67
 Stab: Sleeping          ||     5
Armor: Robe              ||     2
       Leather armour    ||     4
Dodge: Dodged            ||    32
